Saguenéens vs Gangsters

Created - 25 février 2015 at 23:14

Goals
1 2 3 OT1 SO T
Saguenéens 0 4 3 0 2 8
Gangsters 2 2 3 0 1 7
Shots
1 2 3 OT1 SO T
Saguenéens 12 11 15 0 4 38
Gangsters 7 16 13 0 4 36

1st period

1. Gangsters , Gustav Nyquist 22 (Nick Foligno) at 6:42
2. Gangsters , Ryan Jones 23 (Chris Bourque) at 18:52

Penalties :
No Penalty

2nd period

3. Saguenéens , Eric Tangradi 6 (Kris Russell, Brian Flynn) at 2:01
4. Gangsters , Jaroslav Balastik 35 (Bryan Young) at 4:17
5. Saguenéens , Derek Morris 9 (Martin Hanzal, Lubos Bartecko) at 7:03 (PP)
6. Gangsters , Ville Koistinen 7 (Chris Bourque, Ryan Jones) at 8:33 (PP)
7. Saguenéens , Eric Tangradi 7 (Brian Flynn, Marcus Johansson) at 9:22
8. Saguenéens , Martin Hanzal 31 (Lubos Bartecko, Brandon Burlon) at 10:44

Penalties :
Matt Delahey (Bro) for Holding (Minor) at 6:33, Brandon Burlon (Chi) for Roughing (Minor) at 8:22, Evgeny Grachev (Chi) for Hooking (Minor) at 17:41

3rd period

9. Gangsters , Bryan Young 4 (Maxime Sauvé) at 0:54
10. Gangsters , Ryan Jones 24 (Chris Bourque, Artem Anisimov) at 2:44
11. Saguenéens , Evgeny Grachev 20 (Kris Russell, Rhett Rakhshani) at 6:58
12. Saguenéens , David Laliberté 9 (Marcus Johansson, Brandon Burlon) at 9:48
13. Saguenéens , Kevin Marshall 4 (Tim Kennedy, Kyle Brodziak) at 13:25 (PP)
14. Gangsters , Nick Foligno 17 (Bryan Young, Matt Delahey) at 16:09

Penalties :
Evgeny Dadonov (Chi) for Hooking (Minor) at 4:26, Ryan Keller (Bro) for Roughing (Minor) at 12:47, Ryan Jones (Bro) for Hooking (Minor) at 17:01

Overtime #1

No Goal

Penalties :
No Penalty

Shootout

Penalty Shot by Lubos Bartecko for Saguenéens - Shot Misses the Net
Penalty Shot by Jaroslav Balastik for Gangsters - Stopped by Harru Sateri
Penalty Shot by Evgeny Dadonov for Saguenéens - Stopped by David LeNeveu
Penalty Shot by Ryan Keller for Gangsters - Stopped by Harru Sateri
Penalty Shot by Martin Hanzal for Saguenéens - Goal!
Penalty Shot by Chris Bourque for Gangsters - Goal!
Penalty Shot by Kyle Brodziak for Saguenéens - Goal!
Penalty Shot by Nick Foligno for Gangsters - Stopped by Harru Sateri

Penalties :
No Penalty

Goalie Stats

Al Montoya (Chi), 9 saves from 13 shots - (0,692), 28:33 minutes
Harru Sateri (Chi), 20 saves from 23 shots - (0,870), W, 9-9-3, 36:27 minutes
David LeNeveu (Bro), 31 saves from 38 shots - (0,816), OTL, 21-13-9, 65:00 minutes

Players Stats for Saguenéens

Player Name              G  A  P  +/- PIM S  H  SB GA TA FO     MP     PP MP  PK MP  
------------------------------------------------------------------------------------
Brandon Burlon           0  2  2  -1  2   0  0  1  2  1  0/0    24:37   0:00   0:54 
Brian Flynn              0  2  2   2  0   2  1  0  0  0  2/3    13:10   0:02   0:57 
David Laliberté          1  0  1   2  0   3  1  0  0  1  1/1    13:42   0:00   2:11 
Derek Morris             1  0  1   0  0   7  3  0  2  0  0/0    31:37   2:17   1:24 
Eric Tangradi            2  0  2   2  0   4  1  0  0  0  0/0    11:24   0:00   0:39 
Evgeny Dadonov           0  0  0  -3  2   3  3  0  2  1  1/2    22:01   1:53   0:00 
Evgeny Grachev           1  0  1   1  2   1  5  3  0  0  0/3    10:46   0:02   0:11 
Kevin Marshall           1  0  1   0  0   2  2  1  0  0  0/0    29:17   2:17   1:37 
Kris Russell             0  2  2   0  0   1  2  0  0  1  0/0    25:52   0:50   1:55 
Kyle Brodziak            0  1  1  -1  0   5  0  1  0  0  9/16   18:47   1:14   1:41 
Lubos Bartecko           0  2  2  -3  0   6  2  1  3  0  0/1    23:51   1:51   0:26 
Luke Witkowski           0  0  0   0  0   0  0  0  0  0  0/0     1:34   0:00   0:00 
Marcus Johansson         0  2  2  -2  0   0  0  0  0  0  0/0    19:13   1:14   1:23 
Martin Hanzal            1  1  2  -3  0   3  3  2  2  1  21/38  24:12   1:51   1:20 
Mike Sauer               0  0  0   0  0   0  1  1  1  0  0/0    13:53   0:50   1:58 
Rhett Rakhshani          0  1  1   1  0   0  0  0  0  0  0/0     8:28   0:00   0:00 
Tim Kennedy              0  1  1  -1  0   1  4  0  1  0  0/0    14:56   1:14   0:00 
Tyler McNeely            0  0  0   1  0   0  1  0  0  0  0/0     8:28   0:00   0:00 

Players Stats for Gangsters

Player Name              G  A  P  +/- PIM S  H  SB GA TA FO     MP     PP MP  PK MP  
------------------------------------------------------------------------------------
Alexandre Bolduc         0  0  0   0  0   2  4  1  0  2  11/31  21:47   1:05   0:16 
Artem Anisimov           0  1  1   1  0   1  0  0  0  0  7/16   16:36   1:59   0:00 
Ben Holmstrom            0  0  0   0  0   0  0  0  0  0  0/0     0:00   0:00   0:00 
Brett Ponich             0  0  0   0  0   1  0  1  0  0  0/0    11:51   0:00   0:11 
Brock Bradford           0  0  0   0  0   0  2  0  0  1  3/4    12:14   0:47   0:00 
Bryan Young              1  2  3   1  0   2  3  0  0  3  0/0    21:14   2:01   0:57 
Chris Bourque            0  3  3   1  0   9  4  0  0  0  2/2    19:04   1:59   0:58 
Curtis McKenzie          0  0  0   0  0   0  0  0  0  0  0/0     0:51   0:17   0:16 
Dave Dziurzynski         0  0  0   0  0   0  1  1  0  0  0/0     7:47   0:00   0:00 
Gabriel Dumont           0  0  0   0  0   0  0  0  0  0  0/0     0:17   0:17   0:00 
Gustav Nyquist           1  0  1  -1  0   2  2  0  1  0  0/0    12:37   0:51   0:00 
Jaroslav Balastik        1  0  1   0  0   5  3  2  1  0  6/9    25:10   1:06   2:09 
Luke Gazdic              0  0  0   0  0   0  0  0  0  0  0/0     0:00   0:00   0:00 
Matt Delahey             0  1  1   1  2   1  0  0  1  1  0/0    21:09   2:07   0:46 
Maxime Sauvé             0  1  1   0  0   0  0  0  0  0  1/1     9:50   0:00   0:46 
Michael Sdao             0  0  0   0  0   0  2  2  0  1  0/0    12:21   0:40   0:00 
Nathan Moon              0  0  0   0  0   0  0  0  0  0  0/0     0:00   0:00   0:00 
Nick Foligno             1  1  2   0  0   2  0  1  1  0  0/0    10:39   0:00   0:18 
Phil McRae               0  0  0   0  0   0  0  0  0  0  0/0     0:00   0:00   0:00 
Richard Panik            0  0  0   1  0   1  0  0  0  0  0/0     8:49   1:01   0:00 
Ryan Jones               2  1  3   1  2   4  2  0  0  0  0/0    16:39   1:59   0:00 
Ryan Keller              0  0  0   0  2   3  2  1  1  2  0/1    24:31   1:06   1:31 
Shaun Heska              0  0  0   0  0   1  2  4  0  1  0/0    31:42   1:45   2:10 
Ville Koistinen          1  0  1   0  0   2  0  2  0  2  0/0    31:42   1:45   2:10 

3 Stars

1 - Bryan Young (Bro)
2 - Eric Tangradi (Chi)
3 - Ryan Jones (Bro)

Power Play

Saguenéens - 2 on 3 Attempt(s) - 66,67%
Gangsters - 1 on 3 Attempt(s) - 33,33%

Penalty Kill

Saguenéens - 2 on 3 Attempt(s) - 66,67% - Score 0 goal in Penalty Kill
Gangsters - 1 on 3 Attempt(s) - 33,33% - Score 0 goal in Penalty Kill

Team Stat

Saguenéens - Hits : 29 - Faceoff Wins : 34 - Blocked Shots : 10 - Penalty Minutes : 6
Gangsters - Hits : 27 - Faceoff Wins : 30 - Blocked Shots : 15 - Penalty Minutes : 6

Official

Referees : Joannette Marc and Walsh Ian
Linesman : Andy McElman and Lonnie Cameron

Game Notes

Luke Witkowski is injured at 4:19 of 1st period (Herniated Disc)
Harru Sateri enters game at 8:33 of 2nd period
11:08 of 2nd period - Gangsters goal is going for a video replay. After video review, No Goal. The puck has been directed, batted or thrown into the net by an attacking player other than with a stick.

Finance

Level 1 -- Attendance: 1556 (77,80%) -- Ticket Income 54 460 $
Level 2 -- Attendance: 716 (71,60%) -- Ticket Income 10 740 $
Total Attendance: 2272 (75,73%)
Total Ticket Income: 65 200 $
Other Income: 3 260 $
Total Income: 68 460 $

Saguenéens

5 vs 5 Forward 
   Center                   Left Wing                Right Wing               Time % Phy DF OF 
 1 Martin Hanzal            Evgeny Dadonov           Lubos Bartecko           40     1   2  2  
 2 Kyle Brodziak            Marcus Johansson         Tim Kennedy              30     1   2  2  
 3 Brian Flynn              Eric Tangradi            David Laliberté          20     1   2  2  
 4 Evgeny Grachev           Tyler McNeely            Rhett Rakhshani          10     1   2  2  

5 vs 5 Defense 
   Defense                  Defense                                           Time % Phy DF OF 
 1 Derek Morris             Kevin Marshall                                    40     1   2  2  
 2 Kris Russell             Brandon Burlon                                    34     1   2  2  
 3 Luke Witkowski           Mike Sauer                                        20     1   2  2  
 4 Derek Morris             Kevin Marshall                                    6      1   2  2  

PowerPlay Forward 
   Center                   Left Wing                Right Wing               Time % Phy DF OF 
 1 Martin Hanzal            Evgeny Dadonov           Lubos Bartecko           60     1   2  2  
 2 Kyle Brodziak            Marcus Johansson         Tim Kennedy              40     1   2  2  

PowerPlay Defense
   Defense                  Defense                                           Time % Phy DF OF 
 1 Derek Morris             Kevin Marshall                                    60     1   2  2  
 2 Kris Russell             Mike Sauer                                        40     1   2  2  

Penalty Kill 4 Players Forward 
   Center                   Wing                     Time % Phy DF OF 
 1 Martin Hanzal            David Laliberté          60     1   2  2  
 2 Kyle Brodziak            Lubos Bartecko           40     1   2  2  

Penalty Kill 4 Players Defense
   Defense                  Defense                  Time % Phy DF OF 
 1 Derek Morris             Kevin Marshall           60     1   2  2  
 2 Kris Russell             Mike Sauer               40     1   2  2  

Penalty Kill - 3 Players Forward 
   Forward                                           Time % Phy DF OF 
 1 Lubos Bartecko                                    60     1   2  2  
 2 Kyle Brodziak                                     40     1   2  2  

Penalty Kill - 3 Players Defense
   Defense                  Defense                  Time % Phy DF OF 
 1 Derek Morris             Kevin Marshall           60     1   2  2  
 2 Mike Sauer               Kris Russell             40     1   2  2  

4 vs 4 Forward 
   Center                   Wing                     Time % Phy DF OF 
 1 Martin Hanzal            Lubos Bartecko           60     1   2  2  
 2 Kyle Brodziak            Evgeny Dadonov           40     1   2  2  

4 vs 4 Defense
   Defense                  Defense                  Time % Phy DF OF 
 1 Derek Morris             Kevin Marshall           60     1   2  2  
 2 Kris Russell             Brandon Burlon           40     1   2  2  

Last Minutes Offensive
   Center                   Left Wing                Right Wing               Defense                  Defense                  
   Martin Hanzal            Evgeny Dadonov           Lubos Bartecko           Derek Morris             Kris Russell             

Last Minutes Defensive
   Center                   Left Wing                Right Wing               Defense                  Defense                  
   Martin Hanzal            Evgeny Dadonov           Lubos Bartecko           Derek Morris             Kris Russell             

Goaltenders
Starting : Al Montoya               
Backup : Harru Sateri             

Extra Forwards
Normal : Brian Flynn, Evgeny Grachev, Martin Hanzal - PP : Brian Flynn, Evgeny Grachev - PK : David Laliberté
Extra Defensemen
Normal : Mike Sauer, Brandon Burlon, Derek Morris - PP : Brandon Burlon - PK : Brandon Burlon, Luke Witkowski
Penalty Shots
Lubos Bartecko, Evgeny Dadonov, Martin Hanzal, Kyle Brodziak, Brian Flynn

Gangsters

5 vs 5 Forward 
   Center                   Left Wing                Right Wing               Time % Phy DF OF 
 1 Alexandre Bolduc         Jaroslav Balastik        Ryan Keller              40     1   2  2  
 2 Artem Anisimov           Chris Bourque            Ryan Jones               30     1   2  2  
 3 Brock Bradford           Nick Foligno             Gustav Nyquist           20     1   2  2  
 4 Maxime Sauvé             Dave Dziurzynski         Richard Panik            10     1   2  2  

5 vs 5 Defense 
   Defense                  Defense                                           Time % Phy DF OF 
 1 Ville Koistinen          Shaun Heska                                       40     1   2  2  
 2 Bryan Young              Matt Delahey                                      30     1   2  2  
 3 Michael Sdao             Brett Ponich                                      20     1   2  2  
 4 Ville Koistinen          Shaun Heska                                       10     1   2  2  

PowerPlay Forward 
   Center                   Left Wing                Right Wing               Time % Phy DF OF 
 1 Alexandre Bolduc         Jaroslav Balastik        Ryan Keller              60     1   2  2  
 2 Artem Anisimov           Chris Bourque            Ryan Jones               40     1   2  2  

PowerPlay Defense
   Defense                  Defense                                           Time % Phy DF OF 
 1 Ville Koistinen          Shaun Heska                                       60     1   2  2  
 2 Bryan Young              Matt Delahey                                      40     1   2  2  

Penalty Kill 4 Players Forward 
   Center                   Wing                     Time % Phy DF OF 
 1 Jaroslav Balastik        Ryan Keller              60     1   2  2  
 2 Chris Bourque            Nick Foligno             40     1   2  2  

Penalty Kill 4 Players Defense
   Defense                  Defense                  Time % Phy DF OF 
 1 Ville Koistinen          Shaun Heska              60     1   2  2  
 2 Bryan Young              Matt Delahey             40     1   2  2  

Penalty Kill - 3 Players Forward 
   Forward                                           Time % Phy DF OF 
 1 Jaroslav Balastik                                 60     1   2  2  
 2 Ryan Keller                                       40     1   2  2  

Penalty Kill - 3 Players Defense
   Defense                  Defense                  Time % Phy DF OF 
 1 Ville Koistinen          Shaun Heska              60     1   2  2  
 2 Bryan Young              Matt Delahey             40     1   2  2  

4 vs 4 Forward 
   Center                   Wing                     Time % Phy DF OF 
 1 Jaroslav Balastik        Ryan Keller              60     1   2  2  
 2 Chris Bourque            Nick Foligno             40     1   2  2  

4 vs 4 Defense
   Defense                  Defense                  Time % Phy DF OF 
 1 Ville Koistinen          Shaun Heska              60     1   2  2  
 2 Bryan Young              Matt Delahey             40     1   2  2  

Last Minutes Offensive
   Center                   Left Wing                Right Wing               Defense                  Defense                  
   Alexandre Bolduc         Jaroslav Balastik        Ryan Keller              Ville Koistinen          Shaun Heska              

Last Minutes Defensive
   Center                   Left Wing                Right Wing               Defense                  Defense                  
   Alexandre Bolduc         Jaroslav Balastik        Ryan Keller              Ville Koistinen          Shaun Heska              

Goaltenders
Starting : David LeNeveu            
Backup : Dustin Tokarski          

Extra Forwards
Normal : Gustav Nyquist, Brock Bradford, Maxime Sauvé - PP : Gustav Nyquist, Brock Bradford - PK : Maxime Sauvé
Extra Defensemen
Normal : Michael Sdao, Brett Ponich, Bryan Young - PP : Michael Sdao - PK : Brett Ponich, Bryan Young
Penalty Shots
Jaroslav Balastik, Ryan Keller, Chris Bourque, Nick Foligno, Alexandre Bolduc

% Time on Ice - Saguenéens

Lines # - Real PCT - Wanted PCT - Time Play
Normal Forward
1 - 38% - 40% - 20:12
2 - 26% - 30% - 13:42
3 - 20% - 20% - 10:22
4 - 16% - 10% - 8:28
Normal Defense
1 - 40% - 40% - 21:13
2 - 36% - 34% - 18:59
3 - 21% - 20% - 11:00
4 - 3% - 6% - 1:32
PP Forward
1 - 60% - 60% - 1:53
2 - 40% - 40% - 1:14
PP Defense
1 - 73% - 60% - 2:17
2 - 27% - 40% - 0:50
PK Forward
1 - 92% - 60% - 3:50
2 - 8% - 40% - 0:19
PK Defense
1 - 55% - 60% - 2:18
2 - 45% - 40% - 1:51
PK3 Forward
1 - 0% - 60%
2 - 0% - 40%
PK3 Defense
1 - 0% - 60%
2 - 0% - 40%
44 Forward
1 - 85% - 60% - 4:16
2 - 15% - 40% - 0:44
44 Defense
1 - 59% - 60% - 2:58
2 - 41% - 40% - 2:02
Last Minute Offensive  - 0:00
Last Minute Defensive  - 0:00
Total
Forward - 65:00
Defense - 65:00

% Time on Ice - Gangsters

Lines # - Real PCT - Wanted PCT - Time Play
Normal Forward
1 - 39% - 40% - 20:34
2 - 28% - 30% - 14:37
3 - 19% - 20% - 9:46
4 - 15% - 10% - 7:47
Normal Defense
1 - 41% - 40% - 21:24
2 - 31% - 30% - 16:22
3 - 21% - 20% - 10:51
4 - 8% - 10% - 4:07
PP Forward
1 - 37% - 60% - 1:33
2 - 63% - 40% - 2:36
PP Defense
1 - 49% - 60% - 2:02
2 - 51% - 40% - 2:07
PK Forward
1 - 90% - 60% - 2:49
2 - 10% - 40% - 0:18
PK Defense
1 - 70% - 60% - 2:10
2 - 30% - 40% - 0:57
PK3 Forward
1 - 0% - 60%
2 - 0% - 40%
PK3 Defense
1 - 0% - 60%
2 - 0% - 40%
44 Forward
1 - 88% - 60% - 4:25
2 - 12% - 40% - 0:35
44 Defense
1 - 62% - 60% - 3:05
2 - 38% - 40% - 1:55
Last Minute Offensive  - 0:00
Last Minute Defensive  - 0:00
Total
Forward - 65:00
Defense - 65:00

Play by Play

1st period


0:01 of 1st period - Alexandre Bolduc wins face-off versus Martin Hanzal in neutral zone.
0:08 of 1st period - Snap shot by Jaroslav Balastik.
0:08 of 1st period - Shot Misses the Net.
0:14 of 1st period - Wrist shot by Martin Hanzal.
0:14 of 1st period - Stopped by David LeNeveu without a rebound.
0:15 of 1st period - Kyle Brodziak wins face-off versus Artem Anisimov in Gangsters zone.
0:28 of 1st period - Wrist shot by Chris Bourque.
0:28 of 1st period - Shot Misses the Net.
1:26 of 1st period - Snap shot by Tyler McNeely.
1:26 of 1st period - Shot Misses the Net.
1:42 of 1st period - Wrist shot by Ryan Jones.
1:42 of 1st period - Stopped by Al Montoya with a rebound.
1:44 of 1st period - Backhand shot by Chris Bourque.
1:44 of 1st period - Stopped by Al Montoya with a rebound.
2:02 of 1st period - Snap shot by David Laliberté.
2:02 of 1st period - Stopped by David LeNeveu with a rebound.
2:52 of 1st period - Evgeny Grachev is hit by Dave Dziurzynski and loses puck.
3:59 of 1st period - Michael Sdao is hit by Derek Morris and loses puck.
4:18 of 1st period - Luke Witkowski is hit by Chris Bourque and loses puck.
4:19 of 1st period - Luke Witkowski from Saguenéens is injured at 4:19 of 1st period (Herniated Disc).
4:20 of 1st period - Martin Hanzal wins face-off versus Alexandre Bolduc in Saguenéens zone.
4:20 of 1st period - Martin Hanzal is hit by Jaroslav Balastik.
4:55 of 1st period - Snap shot by Chris Bourque.
4:55 of 1st period - Stopped by Al Montoya without a rebound.
4:56 of 1st period - Kyle Brodziak wins face-off versus Artem Anisimov in Saguenéens zone.
5:21 of 1st period - Ryan Keller is hit by Martin Hanzal and loses puck.
5:32 of 1st period - Derek Morris is hit by Alexandre Bolduc and loses puck.
6:19 of 1st period - Ville Koistinen is hit by Evgeny Grachev and loses puck.
6:42 of 1st period - Slapshot by Nick Foligno.
6:42 of 1st period - Deflect By Gustav Nyquist.
6:42 of 1st period - Goal by Gustav Nyquist - Saguenéens : 0 - Gangsters : 1.
6:43 of 1st period - Martin Hanzal wins face-off versus Alexandre Bolduc in neutral zone.
6:46 of 1st period - Martin Hanzal is hit by Ryan Keller and loses puck.
7:09 of 1st period - Chris Bourque is hit by Tim Kennedy and loses puck.
7:18 of 1st period - Snap shot by Kyle Brodziak.
7:18 of 1st period - Stopped by David LeNeveu without a rebound.
7:19 of 1st period - David Laliberté wins face-off versus Alexandre Bolduc in Gangsters zone.
7:24 of 1st period - Slapshot by Brian Flynn.
7:24 of 1st period - Deflect By Eric Tangradi.
7:24 of 1st period - Stopped by David LeNeveu without a rebound.
7:25 of 1st period - Brian Flynn wins face-off versus Jaroslav Balastik in Gangsters zone.
7:36 of 1st period - Snap shot by Brian Flynn.
7:36 of 1st period - Shot Misses the Net.
7:38 of 1st period - Wrist shot by Kris Russell.
7:38 of 1st period - Stopped by David LeNeveu without a rebound.
7:39 of 1st period - Martin Hanzal wins face-off versus Artem Anisimov in Gangsters zone.
7:52 of 1st period - Shaun Heska is hit by Martin Hanzal and loses puck.
8:05 of 1st period - Ville Koistinen is hit by Derek Morris and loses puck.
8:16 of 1st period - Snap shot by David Laliberté.
8:16 of 1st period - Stopped by David LeNeveu with a rebound.
8:18 of 1st period - Snap shot by Eric Tangradi.
8:18 of 1st period - Shot Misses the Net.
9:06 of 1st period - Slapshot by Chris Bourque.
9:06 of 1st period - Shot Misses the Net.
9:22 of 1st period - Wrist shot by Ryan Keller.
9:22 of 1st period - Shot Misses the Net.
9:58 of 1st period - Dave Dziurzynski is hit by Eric Tangradi and loses puck.
10:07 of 1st period - Wrist shot by David Laliberté.
10:07 of 1st period - Shot Blocked by Michael Sdao.
11:15 of 1st period - Wrist shot by Eric Tangradi.
11:15 of 1st period - Stopped by David LeNeveu without a rebound.
11:16 of 1st period - Martin Hanzal wins face-off versus Alexandre Bolduc in Gangsters zone.
11:27 of 1st period - Alexandre Bolduc is hit by Kevin Marshall.
11:46 of 1st period - Derek Morris is hit by Alexandre Bolduc and loses puck.
12:01 of 1st period - Snap shot by Jaroslav Balastik.
12:01 of 1st period - Stopped by Al Montoya with a rebound.
12:07 of 1st period - Snap shot by Ryan Keller.
12:07 of 1st period - Shot Blocked by Evgeny Grachev.
12:09 of 1st period - Slapshot by Shaun Heska.
12:09 of 1st period - Shot Blocked by Kevin Marshall.
12:11 of 1st period - Wrist shot by Bryan Young.
12:11 of 1st period - Shot Misses the Net.
12:49 of 1st period - Snap shot by Rhett Rakhshani.
12:49 of 1st period - Shot Misses the Net.
12:51 of 1st period - Slapshot by Derek Morris.
12:51 of 1st period - Stopped by David LeNeveu with a rebound.
12:55 of 1st period - Slapshot by Derek Morris.
12:55 of 1st period - Shot Blocked by Shaun Heska.
12:59 of 1st period - Slapshot by Derek Morris.
12:59 of 1st period - Shot Misses the Net.
13:01 of 1st period - Slapshot by Derek Morris.
13:01 of 1st period - Stopped by David LeNeveu with a rebound.
13:03 of 1st period - Slapshot by Derek Morris.
13:03 of 1st period - Stopped by David LeNeveu with a rebound.
13:05 of 1st period - Slapshot by Kevin Marshall.
13:05 of 1st period - Deflect By Evgeny Grachev.
13:05 of 1st period - Shot Misses the Net.
13:05 of 1st period - Puck is out of play.
13:06 of 1st period - Brock Bradford wins face-off versus Martin Hanzal in Gangsters zone.
13:06 of 1st period - Brock Bradford is hit by Evgeny Dadonov.
13:12 of 1st period - Gustav Nyquist is hit by Evgeny Dadonov and loses puck.
13:21 of 1st period - Snap shot by Evgeny Dadonov.
13:21 of 1st period - Stopped by David LeNeveu without a rebound.
13:22 of 1st period - Kyle Brodziak wins face-off versus Artem Anisimov in Gangsters zone.
13:33 of 1st period - Wrist shot by Kyle Brodziak.
13:33 of 1st period - Stopped by David LeNeveu without a rebound.
13:34 of 1st period - Martin Hanzal wins face-off versus Artem Anisimov in Gangsters zone.
13:41 of 1st period - Wrist shot by Martin Hanzal.
13:41 of 1st period - Shot Misses the Net.
13:43 of 1st period - Slapshot by Brandon Burlon.
13:43 of 1st period - Shot Misses the Net.
14:30 of 1st period - Wrist shot by David Laliberté.
14:30 of 1st period - Shot Blocked by Brett Ponich.
14:32 of 1st period - Slapshot by Mike Sauer.
14:32 of 1st period - Shot Blocked by Dave Dziurzynski.
14:45 of 1st period - Wrist shot by Evgeny Dadonov.
14:45 of 1st period - Shot Misses the Net.
15:11 of 1st period - Gustav Nyquist is hit by Tyler McNeely and loses puck.
15:37 of 1st period - Slapshot by Jaroslav Balastik.
15:37 of 1st period - Shot Misses the Net.
15:55 of 1st period - Wrist shot by Chris Bourque.
15:55 of 1st period - Shot Blocked by Mike Sauer.
16:48 of 1st period - Bryan Young is hit by Evgeny Grachev and loses puck.
16:59 of 1st period - Dave Dziurzynski is hit by Brian Flynn and loses puck.
17:14 of 1st period - Kris Russell is hit by Bryan Young and loses puck.
17:23 of 1st period - Snap shot by Jaroslav Balastik.
17:23 of 1st period - Shot Blocked by Martin Hanzal.
17:39 of 1st period - Chris Bourque is hit by Kevin Marshall and loses puck.
18:34 of 1st period - Alexandre Bolduc is hit by Evgeny Grachev and loses puck.
18:52 of 1st period - Wrist shot by Ryan Jones.
18:52 of 1st period - Goal by Ryan Jones - Saguenéens : 0 - Gangsters : 2.
18:53 of 1st period - Alexandre Bolduc wins face-off versus Martin Hanzal in neutral zone.
19:03 of 1st period - Off-side.
19:04 of 1st period - Martin Hanzal wins face-off versus Alexandre Bolduc in neutral zone.
19:20 of 1st period - Snap shot by Jaroslav Balastik.
19:20 of 1st period - Stopped by Al Montoya without a rebound.
19:21 of 1st period - Artem Anisimov wins face-off versus Kyle Brodziak in Saguenéens zone.
19:53 of 1st period - Ryan Keller is hit by Martin Hanzal and loses puck.
Goals for this period are 0 for Saguenéens vs 2 for Gangsters.
Shots for this period are 12 for Saguenéens vs 7 for Gangsters.

2nd period


0:01 of 2nd period - Evgeny Dadonov wins face-off versus Alexandre Bolduc in neutral zone.
1:20 of 2nd period - Backhand shot by Kyle Brodziak.
1:20 of 2nd period - Stopped by David LeNeveu with a rebound.
1:22 of 2nd period - Backhand shot by Brandon Burlon.
1:22 of 2nd period - Shot Blocked by Nick Foligno.
1:24 of 2nd period - Slapshot by Tim Kennedy.
1:24 of 2nd period - Stopped by David LeNeveu without a rebound.
1:25 of 2nd period - Alexandre Bolduc wins face-off versus Evgeny Dadonov in Gangsters zone.
1:25 of 2nd period - Alexandre Bolduc is hit by Kris Russell.
1:31 of 2nd period - Evgeny Dadonov is hit by Shaun Heska and loses puck.
1:59 of 2nd period - Slapshot by Brian Flynn.
1:59 of 2nd period - Shot Misses the Net.
2:01 of 2nd period - Slapshot by Kris Russell.
2:01 of 2nd period - Deflect By Eric Tangradi.
2:01 of 2nd period - Goal by Eric Tangradi - Saguenéens : 1 - Gangsters : 2.
2:02 of 2nd period - Alexandre Bolduc wins face-off versus Martin Hanzal in neutral zone.
2:05 of 2nd period - Slapshot by Jaroslav Balastik.
2:05 of 2nd period - Shot Misses the Net.
2:27 of 2nd period - Artem Anisimov is hit by Tim Kennedy and loses puck.
2:52 of 2nd period - Ville Koistinen is hit by Evgeny Grachev and loses puck.
3:01 of 2nd period - Slapshot by Ville Koistinen.
3:01 of 2nd period - Shot Misses the Net.
3:31 of 2nd period - Bryan Young is hit by David Laliberté and loses puck.
4:05 of 2nd period - Wrist shot by Chris Bourque.
4:05 of 2nd period - Stopped by Al Montoya without a rebound.
4:06 of 2nd period - Alexandre Bolduc wins face-off versus Martin Hanzal in Saguenéens zone.
4:09 of 2nd period - Snap shot by Ryan Keller.
4:09 of 2nd period - Deflect By Jaroslav Balastik.
4:09 of 2nd period - Stopped by Al Montoya without a rebound.
4:10 of 2nd period - Martin Hanzal wins face-off versus Alexandre Bolduc in Saguenéens zone.
4:17 of 2nd period - Wrist shot by Jaroslav Balastik.
4:17 of 2nd period - Goal by Jaroslav Balastik - Saguenéens : 1 - Gangsters : 3.
4:18 of 2nd period - Martin Hanzal wins face-off versus Alexandre Bolduc in neutral zone.
4:31 of 2nd period - Snap shot by Martin Hanzal.
4:31 of 2nd period - Shot Blocked by Jaroslav Balastik.
4:33 of 2nd period - Slapshot by Evgeny Dadonov.
4:33 of 2nd period - Stopped by David LeNeveu without a rebound.
4:34 of 2nd period - Chris Bourque wins face-off versus Kyle Brodziak in Gangsters zone.
4:34 of 2nd period - Chris Bourque is hit by Tim Kennedy.
5:00 of 2nd period - Evgeny Dadonov is hit by Jaroslav Balastik and loses puck.
5:09 of 2nd period - Icing by Ville Koistinen.
5:10 of 2nd period - Alexandre Bolduc wins face-off versus Martin Hanzal in Gangsters zone.
5:29 of 2nd period - Kris Russell is hit by Jaroslav Balastik.
6:07 of 2nd period - Wrist shot by Chris Bourque.
6:07 of 2nd period - Shot Misses the Net.
6:09 of 2nd period - Wrist shot by Chris Bourque.
6:09 of 2nd period - Stopped by Al Montoya with a rebound.
6:30 of 2nd period - Off-side.
6:31 of 2nd period - Martin Hanzal wins face-off versus Artem Anisimov in neutral zone.
6:33 of 2nd period - Minor Penalty to Matt Delahey for Holding.
6:34 of 2nd period - Jaroslav Balastik wins face-off versus Martin Hanzal in Gangsters zone.
6:44 of 2nd period - Slapshot by Lubos Bartecko.
6:44 of 2nd period - Stopped by David LeNeveu without a rebound.
6:45 of 2nd period - Martin Hanzal wins face-off versus Jaroslav Balastik in Gangsters zone.
6:46 of 2nd period - Wrist shot by Lubos Bartecko.
6:46 of 2nd period - Stopped by David LeNeveu with a rebound.
6:48 of 2nd period - Slapshot by Kevin Marshall.
6:48 of 2nd period - Deflect By Evgeny Dadonov.
6:48 of 2nd period - Shot Misses the Net.
6:48 of 2nd period - Puck is out of play.
6:49 of 2nd period - Jaroslav Balastik wins face-off versus Martin Hanzal in Gangsters zone.
6:49 of 2nd period - Jaroslav Balastik is hit by Lubos Bartecko.
7:03 of 2nd period - Snap shot by Derek Morris.
7:03 of 2nd period - Deflect By Ville Koistinen.
7:03 of 2nd period - Goal by Derek Morris - Saguenéens : 2 - Gangsters : 3.
7:04 of 2nd period - Alexandre Bolduc wins face-off versus Martin Hanzal in neutral zone.
7:37 of 2nd period - Snap shot by Brian Flynn.
7:37 of 2nd period - Stopped by David LeNeveu with a rebound.
7:41 of 2nd period - Snap shot by Eric Tangradi.
7:41 of 2nd period - Shot Blocked by Alexandre Bolduc.
8:22 of 2nd period - Minor Penalty to Brandon Burlon for Roughing.
8:23 of 2nd period - Artem Anisimov wins face-off versus Martin Hanzal in Saguenéens zone.
8:25 of 2nd period - Snap shot by Chris Bourque.
8:25 of 2nd period - Stopped by Al Montoya without a rebound.
8:26 of 2nd period - Chris Bourque wins face-off versus Martin Hanzal in Saguenéens zone.
8:29 of 2nd period - Snap shot by Chris Bourque.
8:29 of 2nd period - Shot Misses the Net.
8:31 of 2nd period - Snap shot by Chris Bourque.
8:31 of 2nd period - Shot Blocked by Martin Hanzal.
8:33 of 2nd period - Wrist shot by Ville Koistinen.
8:33 of 2nd period - Goal by Ville Koistinen - Saguenéens : 2 - Gangsters : 4.
8:33 of 2nd period - Harru Sateri enters game.
8:34 of 2nd period - Martin Hanzal wins face-off versus Ryan Keller in neutral zone.
9:22 of 2nd period - Snap shot by Eric Tangradi.
9:22 of 2nd period - Goal by Eric Tangradi - Saguenéens : 3 - Gangsters : 4.
9:23 of 2nd period - Martin Hanzal wins face-off versus Alexandre Bolduc in neutral zone.
9:26 of 2nd period - Wrist shot by Brandon Burlon.
9:26 of 2nd period - Shot Blocked by Jaroslav Balastik.
9:32 of 2nd period - Kris Russell is hit by Shaun Heska and loses puck.
10:38 of 2nd period - Slapshot by Richard Panik.
10:38 of 2nd period - Stopped by Harru Sateri without a rebound.
10:39 of 2nd period - Martin Hanzal wins face-off versus Alexandre Bolduc in Saguenéens zone.
10:44 of 2nd period - Wrist shot by Martin Hanzal.
10:44 of 2nd period - Goal by Martin Hanzal - Saguenéens : 4 - Gangsters : 4.
10:45 of 2nd period - Martin Hanzal wins face-off versus Alexandre Bolduc in neutral zone.
10:48 of 2nd period - Slapshot by Derek Morris.
10:48 of 2nd period - Shot Blocked by Shaun Heska.
10:53 of 2nd period - Ville Koistinen is hit by Derek Morris and loses puck.
11:00 of 2nd period - Slapshot by Ryan Keller.
11:00 of 2nd period - Stopped by Harru Sateri without a rebound.
11:01 of 2nd period - Artem Anisimov wins face-off versus Kyle Brodziak in Saguenéens zone.
11:04 of 2nd period - Snap shot by Ryan Jones.
11:04 of 2nd period - Stopped by Harru Sateri with a rebound.
11:06 of 2nd period - Snap shot by Artem Anisimov.
11:06 of 2nd period - Stopped by Harru Sateri with a rebound.
11:08 of 2nd period - Slapshot by Ville Koistinen.
11:08 of 2nd period - Deflect By Chris Bourque.
11:08 of 2nd period - Gangsters goal is going for a video replay.
11:08 of 2nd period - The goal is refused. The puck has been directed, batted or thrown into the net by an attacking player other than with a stick..
11:09 of 2nd period - Artem Anisimov wins face-off versus Kyle Brodziak in Saguenéens zone.
11:16 of 2nd period - Wrist shot by Chris Bourque.
11:16 of 2nd period - Stopped by Harru Sateri with a rebound.
11:18 of 2nd period - Slapshot by Chris Bourque.
11:18 of 2nd period - Stopped by Harru Sateri with a rebound.
11:20 of 2nd period - Wrist shot by Artem Anisimov.
11:20 of 2nd period - Deflect By Ryan Jones.
11:20 of 2nd period - Shot Blocked by Kyle Brodziak.
11:20 of 2nd period - Puck is out of play.
11:21 of 2nd period - Martin Hanzal wins face-off versus Alexandre Bolduc in Saguenéens zone.
11:32 of 2nd period - Wrist shot by Ville Koistinen.
11:32 of 2nd period - Stopped by Harru Sateri without a rebound.
11:33 of 2nd period - Alexandre Bolduc wins face-off versus Martin Hanzal in Saguenéens zone.
11:47 of 2nd period - Off-side.
11:48 of 2nd period - Artem Anisimov wins face-off versus Kyle Brodziak in neutral zone.
11:51 of 2nd period - Marcus Johansson is hit by Chris Bourque and loses puck.
12:14 of 2nd period - Lubos Bartecko is hit by Alexandre Bolduc and loses puck.
12:45 of 2nd period - Snap shot by Brian Flynn.
12:45 of 2nd period - Stopped by David LeNeveu without a rebound.
12:46 of 2nd period - Kyle Brodziak wins face-off versus Alexandre Bolduc in Gangsters zone.
13:15 of 2nd period - Evgeny Dadonov is hit by Chris Bourque and loses puck.
13:45 of 2nd period - Ville Koistinen is hit by Mike Sauer and loses puck.
14:01 of 2nd period - Maxime Sauvé is hit by Evgeny Grachev and loses puck.
14:42 of 2nd period - Evgeny Dadonov is hit by Ryan Jones and loses puck.
14:59 of 2nd period - Tim Kennedy is hit by Brock Bradford and loses puck.
15:24 of 2nd period - Brian Flynn is hit by Bryan Young and loses puck.
16:01 of 2nd period - Backhand shot by Artem Anisimov.
16:01 of 2nd period - Shot Misses the Net.
16:15 of 2nd period - Eric Tangradi is hit by Gustav Nyquist and loses puck.
16:39 of 2nd period - Slapshot by Ville Koistinen.
16:39 of 2nd period - Shot Blocked by Evgeny Grachev.
16:51 of 2nd period - Brandon Burlon is hit by Ryan Keller and loses puck.
17:14 of 2nd period - Brian Flynn is hit by Alexandre Bolduc and loses puck.
17:19 of 2nd period - Snap shot by Ryan Keller.
17:19 of 2nd period - Stopped by Harru Sateri without a rebound.
17:20 of 2nd period - Artem Anisimov wins face-off versus Evgeny Grachev in Saguenéens zone.
17:41 of 2nd period - Minor Penalty to Evgeny Grachev for Hooking.
17:42 of 2nd period - Martin Hanzal wins face-off versus Alexandre Bolduc in Saguenéens zone.
18:14 of 2nd period - Slapshot by Chris Bourque.
18:14 of 2nd period - Shot Misses the Net.
18:16 of 2nd period - Wrist shot by Chris Bourque.
18:16 of 2nd period - Stopped by Harru Sateri with a rebound.
19:41 of 2nd period - Penalty to Evgeny Grachev is over, Evgeny Grachev is back on ice.
Goals for this period are 4 for Saguenéens vs 2 for Gangsters.
Shots for this period are 11 for Saguenéens vs 16 for Gangsters.

3rd period


0:01 of 3rd period - Jaroslav Balastik wins face-off versus Martin Hanzal in neutral zone.
0:13 of 3rd period - Snap shot by Martin Hanzal.
0:13 of 3rd period - Shot Blocked by Shaun Heska.
0:54 of 3rd period - Slapshot by Bryan Young.
0:54 of 3rd period - Deflect By Kyle Brodziak.
0:54 of 3rd period - Goal by Bryan Young - Saguenéens : 4 - Gangsters : 5.
0:55 of 3rd period - Martin Hanzal wins face-off versus Alexandre Bolduc in neutral zone.
1:02 of 3rd period - Wrist shot by Evgeny Dadonov.
1:02 of 3rd period - Deflect By Lubos Bartecko.
1:02 of 3rd period - Stopped by David LeNeveu without a rebound.
1:03 of 3rd period - Alexandre Bolduc wins face-off versus Martin Hanzal in Gangsters zone.
1:33 of 3rd period - Slapshot by Lubos Bartecko.
1:33 of 3rd period - Stopped by David LeNeveu without a rebound.
1:34 of 3rd period - Kyle Brodziak wins face-off versus Artem Anisimov in Gangsters zone.
2:09 of 3rd period - Kris Russell is hit by Ryan Jones and loses puck.
2:42 of 3rd period - Slapshot by Ryan Jones.
2:42 of 3rd period - Shot Misses the Net.
2:44 of 3rd period - Slapshot by Ryan Jones.
2:44 of 3rd period - Goal by Ryan Jones - Saguenéens : 4 - Gangsters : 6.
2:45 of 3rd period - Martin Hanzal wins face-off versus Alexandre Bolduc in neutral zone.
2:58 of 3rd period - Wrist shot by Ryan Keller.
2:58 of 3rd period - Shot Misses the Net.
3:59 of 3rd period - Wrist shot by Evgeny Dadonov.
3:59 of 3rd period - Stopped by David LeNeveu with a rebound.
4:01 of 3rd period - Slapshot by Derek Morris.
4:01 of 3rd period - Stopped by David LeNeveu with a rebound.
4:05 of 3rd period - Snap shot by Lubos Bartecko.
4:05 of 3rd period - Stopped by David LeNeveu with a rebound.
4:07 of 3rd period - Slapshot by Lubos Bartecko.
4:07 of 3rd period - Shot Misses the Net.
4:09 of 3rd period - Slapshot by Derek Morris.
4:09 of 3rd period - Shot Misses the Net.
4:11 of 3rd period - Snap shot by Derek Morris.
4:11 of 3rd period - Shot Blocked by Ville Koistinen.
4:13 of 3rd period - Slapshot by Kevin Marshall.
4:13 of 3rd period - Shot Misses the Net.
4:15 of 3rd period - Snap shot by Martin Hanzal.
4:15 of 3rd period - Stopped by David LeNeveu with a rebound.
4:17 of 3rd period - Slapshot by Derek Morris.
4:17 of 3rd period - Shot Blocked by Ville Koistinen.
4:26 of 3rd period - Minor Penalty to Evgeny Dadonov for Hooking.
4:27 of 3rd period - Kyle Brodziak wins face-off versus Artem Anisimov in Saguenéens zone.
5:16 of 3rd period - Snap shot by Kris Russell.
5:16 of 3rd period - Shot Blocked by Michael Sdao.
5:22 of 3rd period - Eric Tangradi is hit by Michael Sdao and loses puck.
6:26 of 3rd period - Penalty to Evgeny Dadonov is over, Evgeny Dadonov is back on ice.
6:40 of 3rd period - Snap shot by Maxime Sauvé.
6:40 of 3rd period - Shot Blocked by Lubos Bartecko.
6:42 of 3rd period - Slapshot by Brett Ponich.
6:42 of 3rd period - Stopped by Harru Sateri without a rebound.
6:43 of 3rd period - Maxime Sauvé wins face-off versus Evgeny Grachev in Saguenéens zone.
6:58 of 3rd period - Wrist shot by Evgeny Grachev.
6:58 of 3rd period - Goal by Evgeny Grachev - Saguenéens : 5 - Gangsters : 6.
6:59 of 3rd period - Alexandre Bolduc wins face-off versus Kyle Brodziak in neutral zone.
7:24 of 3rd period - Lubos Bartecko is hit by Gustav Nyquist and loses puck.
8:23 of 3rd period - Rhett Rakhshani is hit by Michael Sdao and loses puck.
8:34 of 3rd period - Snap shot by Derek Morris.
8:34 of 3rd period - Stopped by David LeNeveu without a rebound.
8:35 of 3rd period - Kyle Brodziak wins face-off versus Alexandre Bolduc in Gangsters zone.
8:40 of 3rd period - Wrist shot by Tim Kennedy.
8:40 of 3rd period - Shot Misses the Net.
8:46 of 3rd period - Snap shot by Jaroslav Balastik.
8:46 of 3rd period - Stopped by Harru Sateri without a rebound.
8:47 of 3rd period - Kyle Brodziak wins face-off versus Alexandre Bolduc in Saguenéens zone.
9:02 of 3rd period - Wrist shot by Ryan Keller.
9:02 of 3rd period - Stopped by Harru Sateri without a rebound.
9:03 of 3rd period - Artem Anisimov wins face-off versus Martin Hanzal in Saguenéens zone.
9:29 of 3rd period - Shaun Heska is hit by Tim Kennedy and loses puck.
9:48 of 3rd period - Slapshot by David Laliberté.
9:48 of 3rd period - Goal by David Laliberté - Saguenéens : 6 - Gangsters : 6.
9:49 of 3rd period - Alexandre Bolduc wins face-off versus Kyle Brodziak in neutral zone.
9:56 of 3rd period - Slapshot by Alexandre Bolduc.
9:56 of 3rd period - Stopped by Harru Sateri with a rebound.
11:52 of 3rd period - Icing by Martin Hanzal.
11:53 of 3rd period - Brock Bradford wins face-off versus Evgeny Grachev in Saguenéens zone.
12:25 of 3rd period - Wrist shot by Lubos Bartecko.
12:25 of 3rd period - Stopped by David LeNeveu without a rebound.
12:26 of 3rd period - Kyle Brodziak wins face-off versus Alexandre Bolduc in Gangsters zone.
12:33 of 3rd period - Snap shot by Kyle Brodziak.
12:33 of 3rd period - Shot Blocked by Ryan Keller.
12:41 of 3rd period - Wrist shot by Marcus Johansson.
12:41 of 3rd period - Shot Misses the Net.
12:47 of 3rd period - Minor Penalty to Ryan Keller for Roughing.
12:48 of 3rd period - Jaroslav Balastik wins face-off versus Lubos Bartecko in Gangsters zone.
13:21 of 3rd period - Wrist shot by Kyle Brodziak.
13:21 of 3rd period - Shot Blocked by Shaun Heska.
13:23 of 3rd period - Wrist shot by Tim Kennedy.
13:23 of 3rd period - Shot Misses the Net.
13:25 of 3rd period - Slapshot by Kevin Marshall.
13:25 of 3rd period - Goal by Kevin Marshall - Saguenéens : 7 - Gangsters : 6.
13:26 of 3rd period - Martin Hanzal wins face-off versus Artem Anisimov in neutral zone.
13:41 of 3rd period - Slapshot by Derek Morris.
13:41 of 3rd period - Deflect By Ville Koistinen.
13:41 of 3rd period - Stopped by David LeNeveu with a rebound.
14:14 of 3rd period - Wrist shot by Kyle Brodziak.
14:14 of 3rd period - Stopped by David LeNeveu with a rebound.
14:20 of 3rd period - Wrist shot by Kyle Brodziak.
14:20 of 3rd period - Stopped by David LeNeveu without a rebound.
14:21 of 3rd period - Martin Hanzal wins face-off versus Alexandre Bolduc in Gangsters zone.
14:32 of 3rd period - Backhand shot by Shaun Heska.
14:32 of 3rd period - Deflect By Evgeny Dadonov.
14:32 of 3rd period - Stopped by Harru Sateri with a rebound.
14:34 of 3rd period - Slapshot by Alexandre Bolduc.
14:34 of 3rd period - Stopped by Harru Sateri with a rebound.
14:46 of 3rd period - Ville Koistinen is hit by Kris Russell and loses puck.
14:55 of 3rd period - Snap shot by Tim Kennedy.
14:55 of 3rd period - Shot Misses the Net.
14:57 of 3rd period - Wrist shot by Tim Kennedy.
14:57 of 3rd period - Shot Misses the Net.
15:53 of 3rd period - Wrist shot by Kevin Marshall.
15:53 of 3rd period - Stopped by David LeNeveu without a rebound.
15:54 of 3rd period - Brock Bradford wins face-off versus Brian Flynn in Gangsters zone.
16:05 of 3rd period - Slapshot by Matt Delahey.
16:05 of 3rd period - Stopped by Harru Sateri with a rebound.
16:07 of 3rd period - Slapshot by Bryan Young.
16:07 of 3rd period - Shot Blocked by Brandon Burlon.
16:09 of 3rd period - Slapshot by Bryan Young.
16:09 of 3rd period - Deflect By Nick Foligno.
16:09 of 3rd period - Goal by Nick Foligno - Saguenéens : 7 - Gangsters : 7.
16:10 of 3rd period - Brian Flynn wins face-off versus Brock Bradford in neutral zone.
16:37 of 3rd period - Jaroslav Balastik is hit by Lubos Bartecko and loses puck.
16:44 of 3rd period - Slapshot by Bryan Young.
16:44 of 3rd period - Stopped by Harru Sateri with a rebound.
17:01 of 3rd period - Minor Penalty to Ryan Jones for Hooking.
17:02 of 3rd period - Martin Hanzal wins face-off versus Jaroslav Balastik in Gangsters zone.
18:16 of 3rd period - Matt Delahey is hit by Evgeny Dadonov and loses puck.
19:01 of 3rd period - Penalty to Ryan Jones is over, Ryan Jones is back on ice.
19:07 of 3rd period - Slapshot by Nick Foligno.
19:07 of 3rd period - Deflect By Evgeny Dadonov.
19:07 of 3rd period - Stopped by Harru Sateri with a rebound.
19:09 of 3rd period - Slapshot by Gustav Nyquist.
19:09 of 3rd period - Stopped by Harru Sateri with a rebound.
19:11 of 3rd period - Wrist shot by Nick Foligno.
19:11 of 3rd period - Shot Blocked by Evgeny Grachev.
19:58 of 3rd period - Lubos Bartecko is hit by Bryan Young and loses puck.
Goals for this period are 3 for Saguenéens vs 3 for Gangsters.
Shots for this period are 15 for Saguenéens vs 13 for Gangsters.

Overtime #1


0:01 of 1st overtime period - Jaroslav Balastik wins face-off versus Martin Hanzal in neutral zone.
0:11 of 1st overtime period - Icing by Lubos Bartecko.
0:12 of 1st overtime period - Jaroslav Balastik wins face-off versus Martin Hanzal in Saguenéens zone.
0:19 of 1st overtime period - Slapshot by Jaroslav Balastik.
0:19 of 1st overtime period - Shot Misses the Net.
1:30 of 1st overtime period - Brandon Burlon is hit by Brock Bradford and loses puck.
4:32 of 1st overtime period - Martin Hanzal is hit by Chris Bourque and loses puck.
Goals for this period are 0 for Saguenéens vs 0 for Gangsters.
Shots for this period are 0 for Saguenéens vs 0 for Gangsters.

ShootOut


5:00 of 1st overtime period - Penalty Shot by Lubos Bartecko for Saguenéens.
5:00 of 1st overtime period - Wrist shot by Lubos Bartecko.
5:00 of 1st overtime period - Shot Misses the Net.
5:00 of 1st overtime period - Penalty Shot by Jaroslav Balastik for Gangsters.
5:00 of 1st overtime period - Backhand shot by Jaroslav Balastik.
5:00 of 1st overtime period - Stopped by Harru Sateri.
5:00 of 1st overtime period - Penalty Shot by Evgeny Dadonov for Saguenéens.
5:00 of 1st overtime period - Wrist shot by Evgeny Dadonov.
5:00 of 1st overtime period - Stopped by David LeNeveu.
5:00 of 1st overtime period - Penalty Shot by Ryan Keller for Gangsters.
5:00 of 1st overtime period - Deke by Ryan Keller.
5:00 of 1st overtime period - Stopped by Harru Sateri.
5:00 of 1st overtime period - Penalty Shot by Martin Hanzal for Saguenéens.
5:00 of 1st overtime period - Snap shot by Martin Hanzal.
5:00 of 1st overtime period - Goal by Martin Hanzal.
5:00 of 1st overtime period - Penalty Shot by Chris Bourque for Gangsters.
5:00 of 1st overtime period - Wrist shot by Chris Bourque.
5:00 of 1st overtime period - Goal by Chris Bourque.
5:00 of 1st overtime period - Penalty Shot by Kyle Brodziak for Saguenéens.
5:00 of 1st overtime period - Deke by Kyle Brodziak.
5:00 of 1st overtime period - Goal by Kyle Brodziak.
5:00 of 1st overtime period - Penalty Shot by Nick Foligno for Gangsters.
5:00 of 1st overtime period - Backhand shot by Nick Foligno.
5:00 of 1st overtime period - Stopped by Harru Sateri.


Output by the SimonT Hockey Simulator (STHS) for François Prévost -- Original Page W3C XHTML 1.0 Valid
Hockey Simulator - Hockey Simulation - Hockey Manager